 Dungeon Crawl Stone Soup version 0.20.1-1-g8b1a95d (webtiles) character file.

60 Berr the Chopper (level 3, -4/33 HPs)
             Began as a Minotaur Berserker on Nov 17, 2017.
             Was a Believer of Trog.
             Slain by Crazy Yiuf
             ... wielding a +4 quarterstaff of chaos
              (5 damage)
             ... on level 2 of the Dungeon.
             The game lasted 00:04:33 (1302 turns).

Berr the Chopper (Minotaur Berserker)               Turns: 1302, Time: 00:04:34

Health: -4/33      AC:  2    Str: 22    XL:     3   Next: 82%
Magic:  2/2        EV: 12    Int:  4    God:    Trog [**....]
Gold:   68         SH:  0    Dex:  9    Spells: 2/2 levels left

rFire    . . .     SeeInvis .   a - +0 hand axe
rCold    + . .     Gourm    .   (no shield)
rNeg     . . .     Faith    .   b - +0 animal skin
rPois    .         Spirit   .   (helmet restricted)
rElec    .         Reflect  .   (no cloak)
rCorr    .         Harm     .   (no gloves)
MR       .....                  (no boots)
Stlth    +.........             (no amulet)
Regen    0.2/turn               e - ring of protection from cold
MPRegen  0.1/turn               (no ring)

@: no status effects
A: retaliatory headbutt, horns 2
a: Berserk, Trog's Hand, Burn Spellbooks, Renounce Religion


You were on level 2 of the Dungeon.
You worshipped Trog.
Trog was pleased with you.
You were not hungry.

You visited 1 branch of the dungeon, and saw 2 of its levels.

You collected 68 gold pieces.

Inventory:

Hand Weapons
 a - a +0 hand axe (weapon)
Armour
 b - a +0 animal skin (worn)
 j - a +0 large shield
Jewellery
 e - a ring of protection from cold (left hand)
Scrolls
 d - 2 scrolls of identify {unknown}
 g - 2 scrolls of enchant weapon {unknown}
 i - a scroll of teleportation {unknown}
 m - a scroll of magic mapping {unknown}
 n - a scroll of immolation {unknown}
Potions
 f - 2 potions of brilliance {unknown}
 k - a potion of curing {unknown}
Comestibles
 c - 2 bread rations
 h - 3 fruits
 l - a royal jelly


   Skills:
 + Level 4.3 Fighting
 + Level 4.5 Axes
 + Level 3.0 Armour
 + Level 2.7 Dodging


You had 2 spell levels left.
You didn't know any spells.

Dungeon Overview and Level Annotations

Branches:
Dungeon (2/15)

Altars:
Dithmenos
Gozag
Vehumet

Annotations:
D:2 Crazy Yiuf


Innate Abilities, Weirdness & Mutations

You reflexively headbutt those who attack you in melee.
You have a pair of horns on your head.


Message History

Crazy Yiuf closely misses you.
You barely miss Crazy Yiuf.
Crazy Yiuf is lightly wounded.
Crazy Yiuf misses you.
You hit Crazy Yiuf but do no damage.
Crazy Yiuf is lightly wounded.
Crazy Yiuf screams, "Shower agre sanguine!"
Crazy Yiuf hits you with a quarterstaff of chaos!
Crazy Yiuf burns you.
You barely miss Crazy Yiuf.
Crazy Yiuf is lightly wounded.
Crazy Yiuf says, "Crazy?
Crazy!?
PORCUPINE!"
Crazy Yiuf hits you with a quarterstaff of chaos.
Crazy Yiuf freezes you.
You closely miss Crazy Yiuf.
Crazy Yiuf is lightly wounded.
Crazy Yiuf hits you with a quarterstaff of chaos!
* * * LOW HITPOINT WARNING * * *
Crazy Yiuf burns you.
You die...

...........##.##.................
...........##....................
............###..................
......####### ##########.........
......# ##.......# ####..##♣♣♣♣♣
#......... #.#....♣.♣♣♣#####
###......... #.....P.♣..♣#...#
#........... #....PP♣♣♣♣.'@g.#
###......... ##....♣♣ ♣♣#..)#
#......... ####♣♣ #####
##...(...# ##.....## #######


You could see Crazy Yiuf.

Vanquished Creatures
  Natasha (D:1)
  An ooze (D:1)
  A dart slug (D:1)
  A leopard gecko (D:2)
  A giant cockroach (D:2)
  2 goblins
  5 hobgoblins
  A jackal (D:1)
  5 bats
  2 frilled lizards
  4 kobolds
  5 rats
29 creatures vanquished.

Notes
Turn   | Place    | Note
-------+----------+-------------------------------------------
     0 | D:1      | Berr the Minotaur Berserker began the quest for the Orb.
     0 | D:1      | Reached XP level 1. HP: 19/19 MP: 0/0
     2 | D:1      | Noticed a tengu
     2 | D:1      | Noticed a vampire
     4 | D:1      | Noticed a felid
     4 | D:1      | Noticed a troll
     6 | D:1      | Noticed a gargoyle
     6 | D:1      | Noticed an ogre
     8 | D:1      | Noticed a ghoul
     8 | D:1      | Noticed a centaur
    10 | D:1      | Noticed a human
    12 | D:1      | Noticed a naga
    12 | D:1      | Noticed a draconian
    14 | D:1      | Noticed an elf
    16 | D:1      | Noticed a merfolk
    16 | D:1      | Noticed a demigod
    18 | D:1      | Noticed a demonspawn
    18 | D:1      | Noticed a formicid
    20 | D:1      | Noticed a spriggan
    22 | D:1      | Noticed a halfling
    24 | D:1      | Noticed a vine stalker
    24 | D:1      | Noticed a minotaur
    26 | D:1      | Noticed an octopode
    26 | D:1      | Noticed a dwarf
   193 | D:1      | Reached XP level 2. HP: 27/27 MP: 1/1
   760 | D:2      | Noticed Natasha
   781 | D:1      | Killed Natasha
   781 | D:1      | Reached XP level 3. HP: 10/33 MP: 2/2
  1055 | D:2      | Found a runed door.
  1083 | D:2      | Found a radiant altar of Vehumet.
  1083 | D:2      | Found a shadowy altar of Dithmenos.
  1171 | D:2      | Reached ** piety under Trog
  1182 | D:2      | Found an opulent altar of Gozag.
  1295 | D:2      | Noticed Crazy Yiuf
  1302 | D:2      | HP: 1/33 [Crazy Yiuf/quarterstaff of chaos (10)]
  1302 | D:2      | Slain by Crazy Yiuf

Skill      XL: |  1  2 |
---------------+-------+-----
Axes           | 4 |  4.5
Fighting       | 4 |  4.3
Armour         | 3 |  3.0
Dodging        | |  2.7

Action                   || total
-------------------------++-------
Melee: Hand axe          ||    61
       Headbutt          ||    12
  Eat: Chunk             ||     1
Armor: Animal skin       ||     8
Dodge: Dodged            ||    45
